 Dungeon Crawl Stone Soup version 0.27.1-3-gb3d3a73c9e (webtiles) character file.

Game seed: 11140736139836119182

118 jlumianski the Insei (level 5, -1/33 HPs)
             Began as an Octopode Transmuter on Oct 22, 2021.
             Was an Initiate of Fedhas.
             Killed from afar by an orc wizard (5 damage)
             ... with a magic dart
             ... on level 3 of the Dungeon.
             The game lasted 00:13:42 (3138 turns).

jlumianski the Insei (Octopode Transmuter)          Turns: 3138, Time: 00:13:43

Health: -1/33      AC:  1    Str: 10    XL:     5   Next: 2%
Magic:  9/9        EV: 13    Int: 16    God:    Fedhas [......]
Gold:   60         SH:  0    Dex: 12    Spells: 6/9 levels left

rFire    . . .     SeeInvis .     - Unarmed
rCold    . . .     Faith    .   (no shield)
rNeg     . . .     Spirit   .   (helmet restricted)
rPois    .         Reflect  .   (no amulet)
rElec    .         Harm     .   (no ring)
rCorr    .         Rampage  .   (no ring)
Will     .....                  (no ring)
Stlth    +++.......             (no ring)
HPRegen  0.11/turn              (no ring)
MPRegen  0.11/turn              (no ring)
                                (no ring)
                                (no ring)

@: no status effects
A: almost no armour, amphibious, 8 rings, camouflage 1, gelatinous body 1,
(nimble swimmer 1), tentacles
a: Renounce Religion


You were on level 3 of the Dungeon.
You worshipped Fedhas.
Fedhas was noncommittal.
You visited 1 branch of the dungeon, and saw 3 of its levels.

You collected 60 gold pieces.

Inventory:

Missiles
 b - 10 poisoned darts (quivered)
Jewellery
 k - an amulet of guardian spirit
Scrolls
 c - a scroll of vulnerability {unknown}
 e - a scroll of torment {unknown}
 g - a scroll of magic mapping {unknown}
 h - a scroll of identify {unknown}
 i - a scroll of enchant armour {unknown}
 j - a scroll of fog {unknown}
Potions
 a - a potion of magic {unknown}
 d - a potion of attraction {unknown}
 f - 2 potions of heal wounds {unknown}


   Skills:
 + Level 1.1 Fighting
 + Level 0.2 Throwing
 + Level 2.2 Dodging
 + Level 1.7 Stealth
 + Level 4.0 Unarmed Combat
 + Level 2.8 Spellcasting
 + Level 2.8 Transmutations


You had 6 spell levels left.
You knew the following spells:

 Your Spells              Type           Power      Damage    Failure   Level
a - Beastly Appendage     Tmut           22%        N/A       6%          1
b - Wereblood             Tmut           11%        N/A       9%          2

Your spell library contained the following spells:

 Spells                   Type           Power      Damage    Failure   Level
 Spider Form              Tmut/Pois      3%         N/A       32%         3
 Ice Form                 Ice/Tmut       6%         N/A       71%         4


Dungeon Overview and Level Annotations

Branches:
Dungeon (3/15)

Altars:
Fedhas


Innate Abilities, Weirdness & Mutations

You cannot wear most types of armour.
You are amphibious.
You can wear up to eight rings at the same time.
Your skin changes colour to match your surroundings (Stealth+).
Your rubbery body absorbs attacks. (AC +1, EV +1)
((You are camouflaged near water. (Stealth+)))
You have tentacles for arms and can constrict up to eight enemies at once.


Message History

The orc priest is heavily wounded.
You constrict the orc priest.
The orc priest hits you with a +0 dagger.
You tentacle-slap the orc priest.
The orc priest is almost dead.
You constrict the orc priest.
You kill the orc priest!
Fedhas appreciates your contribution to the ecosystem.
Your Unarmed Combat skill increases to level 4!
You have reached level 5!
You feel stronger.
You miss something.
You hear some strange, mumbled words.
A magic dart appears from out of thin air!
The magic dart hits you!
You closely miss something. You squeeze something. Something hits you.
You miss something. Your squeeze misses something.
You hear some strange, mumbled words.
You are confused.
You closely miss something.
Your tentacle-slap misses something.
You squeeze something. Something hits you but does no damage.
You completely miss something. Your squeeze misses something.
Something hits you but does no damage.
You barely miss something. Something hits you.
You're too confused to move!
Something hits you.
* * * LOW HITPOINT WARNING * * *
You completely miss something.
You hear some strange, mumbled words.
Something tries to affect you, but you resist.
You bump into the rock wall.
Something barely misses you.
You barely miss something.
You feel less confused. Something hits you.
* * * LOW HITPOINT WARNING * * *
You tentacle-slap something.
You hear some strange, mumbled words.
A magic dart appears from out of thin air!
The magic dart hits you.
You die...
Fedhas appreciates your contribution to the ecosystem.

..# .# #####(. ##.#
#....(# ...# #...... ...
#.....# .. #. ..(# .#
#.###.#####.######
#....)...{@.......
#.......##########
#.......######## #.#
#.......##.....# #.#
.#....†.........+ #.#
......##.###.....#####.#
..........#....##....#.#
.#.....#..#.##.##....#.# #
#..##.#.....)..#....#.##.#


There were no monsters in sight!

Vanquished Creatures
  An orc priest (D:3)
  An adder (D:2)
  A worm (D:2)
  3 dart slugs
  6 orcs (D:3)
  5 ball pythons
  8 bats
  2 endoplasms (D:2)
  2 giant cockroaches
  6 hobgoblins
  9 kobolds
  2 quokkas
  4 frilled lizards
  8 goblins
  6 rats
64 creatures vanquished.

Notes
Turn   | Place    | Note
-------+----------+-------------------------------------------
     0 | D:1      | jlumianski the Octopode Transmuter began the quest for the
                  | Orb.
     0 | D:1      | Reached XP level 1. HP: 13/13 MP: 3/3
   118 | D:1      | Reached XP level 2. HP: 5/18 MP: 3/5
  1177 | D:1      | Reached XP level 3. HP: 23/23 MP: 4/6
  1180 | D:1      | Learned a level 2 spell: Wereblood
  2061 | D:2      | Found a faded altar of an unknown god.
  2215 | D:2      | Reached skill level 1 in Stealth
  2248 | D:2      | Reached XP level 4. HP: 18/28 MP: 4/7
  2926 | D:3      | Found a blossoming altar of Fedhas.
  2934 | D:3      | Became a worshipper of Fedhas Madash
  3128 | D:3      | Reached skill level 4 in Unarmed Combat
  3128 | D:3      | Reached XP level 5. HP: 26/33 MP: 9/9
  3138 | D:3      | Killed from afar by an orc wizard

Illustrated notes

Levels and vault maps discovered:
D:1:      dpeg_arrival_radiant, layout_basic, serial_park_tiny_pond,
          chequers_serial_rivers_micro_c, minmay_door_square
D:2:      wad_crossroads, layout_basic, shapermc_ecumenical_altar_starsandcircs
D:3:      layout_basic, mainiacjoe_overflow_surrounded_room,
          uniq_crazy_yiuf_cottage

Skill      XL: |  1  2  3  4 |
---------------+-------------+-----
Stealth        | 1 |  1.7
Unarmed Combat | 4 |  4.0
Fighting       | |  1.1
Throwing       | |  0.2
Dodging        | |  2.2
Spellcasting   | |  2.8
Transmutations | |  2.8

Action                   |  1- 3 |  4- 6 || total
-------------------------+-------+-------++-------
Melee: Unarmed           |    87 |    57 ||   144
       Constrict         |    27 |    18 ||    45
       Kick              |    17 |     5 ||    22
       Tentacles         |     5 |     9 ||    14
       Punch             |     1 |     3 ||     4
Throw: Dart              |       |     9 ||     9
 Cast: Beastly Appendage |    24 |     8 ||    32
       Wereblood         |     3 |     2 ||     5
 Stab: Sleeping          |     5 |     2 ||     7
Armor: Skin              |    11 |     8 ||    19
Dodge: Dodged            |    55 |    23 ||    78
